 Dungeon Crawl Stone Soup version 0.29-a0-559-g359e09b9d1 (webtiles) character file.

Game seed: 5309430480192208764

17 Hubjo the Insei (level 2, -1/21 HPs)
             Began as a Demonspawn Transmuter on June 9, 2022.
             Succumbed to an adder's poison
             ... on level 2 of the Dungeon.
             The game lasted 00:00:47 (781 turns).

Hubjo the Insei (Demonspawn Transmuter)              Turns: 781, Time: 00:00:48

Health: -1/21      AC:  2    Str: 10    XL:     2   Next: 44%
Magic:  5/5        EV: 12    Int: 14    God:
Gold:   62         SH:  0    Dex: 13    Spells: 4/5 levels left

rFire   . . .      SeeInvis .     - Unarmed
rCold   . . .      Faith    .   (no shield)
rNeg    . . .      Spirit   .   a - +0 robe
rPois   .          Reflect  .   (helmet currently unavailable)
rElec   .          Harm     .   (no cloak)
rCorr   .          Rampage  .   (no gloves)
Will    .....                   (boots currently unavailable)
Stlth   +.........              (no amulet)
HPRegen 0.07/turn               (no ring)
MPRegen 0.09/turn               (no ring)

@: brilliant, lethally poisoned (-1 -> -15), appendages (expiring)
A: horns 2, talons 2, powered by pain 1
a: End Transformation


You were on level 2 of the Dungeon.
You had temporarily grown beastly horns and talons.
You visited 1 branch of the dungeon, and saw 2 of its levels.

You collected 62 gold pieces.

Inventory:

Armour
 a - a +0 robe (worn)
Scrolls
 e - a scroll of teleportation {unknown}
Potions
 b - a potion of lignification
 c - a potion of curing {unknown}
 f - a potion of might {unknown}
 g - a potion of berserk rage {unknown}


   Skills:
 * Level 1.5 Fighting
 - Level 1.7 Dodging
 + Level 0.5 Stealth
 + Level 2.8 Unarmed Combat
 + Level 2.2 Spellcasting
 + Level 2.0 Transmutations


You had 4 spell levels left.
You knew the following spells:

 Your Spells              Type           Power      Damage    Failure   Level
a - Beastly Appendage     Tmut           20%        N/A       10%         1

Your spell library contained the following spells:

 Spells                   Type           Power      Damage    Failure   Level
 Wereblood                Tmut           10%        N/A       16%         2
 Spider Form              Tmut/Pois      6%         N/A       43%         3
 Ice Form                 Ice/Tmut       6%         N/A       83%         4


Dungeon Overview and Level Annotations

Branches:
Dungeon (2/15)

Altars:


Innate Abilities, Weirdness & Mutations

You have temporarily grown beastly horns and talons.
You sometimes gain a little power by taking damage.


Message History

You are too injured to fight recklessly!
You are too injured to fight recklessly!
You are too injured to fight recklessly!
You are too injured to fight recklessly!
You are too injured to fight recklessly!
You are too injured to fight recklessly!
You are too injured to fight recklessly!
You are too injured to fight recklessly!
You are too injured to fight recklessly!
You are too injured to fight recklessly!
You are too injured to fight recklessly!
You are too injured to fight recklessly!
You are too injured to fight recklessly!
You are too injured to fight recklessly!
You are too injured to fight recklessly!
You are too injured to fight recklessly!
You are too injured to fight recklessly!
You are too injured to fight recklessly!
You are too injured to fight recklessly!
You are too injured to fight recklessly!
You are too injured to fight recklessly!
You are too injured to fight recklessly!
You are too injured to fight recklessly!
You are too injured to fight recklessly!
You are too injured to fight recklessly!
You hit the adder. Your kick misses the adder. Your headbutt misses the adder.
The adder is heavily wounded.
You feel sick. The adder barely misses you.
You hit the adder. Your kick misses the adder.
The adder is almost dead.
You feel sick. The adder bites you.
* * * LOW HITPOINT WARNING * * *
You are lethally poisoned!
The adder poisons you! The adder bites you.
* * * LOW HITPOINT WARNING * * *
You are more poisoned.
The adder poisons you!
It was a potion of brilliance.
You feel clever all of a sudden.
You die...

#[# .# #.. ..#
#######.###...
#...........
#.........#
##.S...#?..#
#$.........#
#.######...#
###†@.#
##...#S.#
##..####!#
#.<## .#
#..†.## .
##.... #.
##.#.. .. ..
..# #. ... ..#


You could see an adder.

Vanquished Creatures
  A worm (D:2)
  2 ball pythons
  A bat (D:2)
  A goblin (D:1)
  2 jackals (D:1)
  5 kobolds (D:1)
  A rat (D:1)
13 creatures vanquished.

Notes
Turn   | Place    | Note
-------+----------+-------------------------------------------
     0 | D:1      | Hubjo the Demonspawn Transmuter began the quest for the
                  | Orb.
     0 | D:1      | Reached XP level 1. HP: 15/15 MP: 3/3
   376 | D:1      | Gained mutation: You sometimes gain a little power by
                  | taking damage. [demonic ancestry]
   376 | D:1      | Reached XP level 2. HP: 21/21 MP: 3/5
   512 | D:1      | Found a faded altar of an unknown god.
   781 | D:2      | Succumbed to an adder's poison

Illustrated notes

Levels and vault maps discovered:
D:1:      amcnicky_arrival_double_pillar, layout_rooms,
          dreamdust_ecumenical_altar_angels_and_demons
D:2:      layout_rooms, basic_altar, minmay_octomino_c4

Skill      XL: |  1  2 |
---------------+-------+-----
Transmutations | 2 |  2.0
Fighting       | |  1.5
Dodging        | |  1.7
Stealth        | |  0.5
Unarmed Combat | |  2.8
Spellcasting   | |  2.2

Action                   || total
-------------------------++-------
Melee: Unarmed           ||    36
       Kick              ||     9
       Headbutt          ||     4
       Punch             ||     1
 Cast: Beastly Appendage ||     8
  Use: Potion            ||     1
Armor: Robe              ||     7
Dodge: Dodged            ||    15

Table legend: (Time is in decaauts)
 A = Elapsed time spent in this place.
 B = Non-inter-level travel time spent in this place.
 C = Inter-level travel time spent in this place.
 D = Time resting spent in this place.
 E = Time spent auto-exploring this place.
 F = Levels seen in this place.
 G = Mean time per level.
                   A        B        C        D        E       F      G
               +--------+--------+--------+--------+--------+-----+--------+
         Total |    778 |    769 |      9 |      0 |    679 |   2 |  389.0 |
       Dungeon |    778 |    769 |      9 |      0 |    679 |   2 |  389.0 |
               +--------+--------+--------+--------+--------+-----+--------+

Top non-repeatable levels by time:
     D:1: 642 daAuts
     D:2: 135 daAuts
